cohdb
Replays
Latest Replays
All Replays
Popular Replays
Top Player Replays
Match Explorer
How It Works
Community
CoH3 Stats
Reddit
Sign in to upload your games and track your stats! →
Sign in with Steam
Match 40109055
Unlisted
Match 40109055
Overview
Messages
Build Orders
End
Construct Barracks
Selects Advanced Infantry Battlegroup
M1 Mortar Team
Riflemen Squad
M1 Mortar Team
Grenade Package
Riflemen Squad
Riflemen Squad
Selects Convert to Ranger Squad
Infantry Support Center
Construct Motor Pool
M24 Chaffee Light Tank
Selects Frontline Medical Station
Riflemen Squad
Frontline Medical Station
M1918 Browning Automatic Rifles
Selects Infantry Assault
Infantry Assault
Riflemen Squad
Engineer Squad
M24 Chaffee Light Tank
Infantry Assault
Selects Artillery Observers
Selects M2A1 105mm Howitzer Emplacement
Be.Nice
jde513
抖音呆呆河马-英3小程序
eorkf9
atank
badger2
[DeanOfBao]hokkskyc
JZuna
0
0
Comments
sign in to comment!
No comments posted yet!